Match 41458295
Unlisted

Match 41458295
End
Panzergrenadier Squad
Selects Panzerjäger Kommand Battlegroup
Selects Mine Fields
Selects Mine Fields
Panzergrenadier Squad
250 Light Carrier
Construct Light Support Kompanie
Combat Half-tracks
Construct Mechanized Kompanie
Marder III Tank Destroyer
Assault Mechanized Group
Selects Defensive Positions
254 Reconnaissance Tractor
Vehicle Survival Package
2.5-tonne Medical Truck
Marder III Tank Destroyer
Construct Panzerarmee Kommand
Emergency Repair Kits
Rapid Advance
Walking Stuka Rocket Launcher
Walking Stuka Rocket Launcher
Selects Butterfly Bomb Drop
Butterfly Bomb Drop
Armored Reserves
Selects Tank Busters
Selects Crew Shock Tactics
Butterfly Bomb Drop
k7ol
dengdai
starlight
ImNotProPlayerr
Green Béret
ma2sin
Hawkkinson
Fank
0
0

Comments sign in to comment!

No comments posted yet!